 Dungeon Crawl Stone Soup version 0.29.1-1-gd02db6906a (webtiles) character file.

Game seed: 18277738814292453477

2416 Demigod47 the Basher (level 9, -1/75 HPs)
             Began as a Minotaur Fighter on Oct 17, 2022.
             Was a Believer of Okawaru.
             Slain by a two-headed ogre
             ... wielding a +0 giant spiked club
              (15 damage)
             ... on level 8 of the Dungeon.
             The game lasted 00:10:25 (7864 turns).

Demigod47 the Basher (Minotaur Fighter)             Turns: 7864, Time: 00:10:27

Health: -1/75      AC: 19    Str: 31    XL:     9   Next: 23%
Magic:  8/8        EV:  8    Int:  9    God:    Okawaru [**....]
Gold:   465        SH:  4    Dex:  8    Spells: 8/8 levels left

rFire   . . .      SeeInvis .   j - +2 mace
rCold   . . .      Faith    +   c - +0 buckler
rNeg    . . .      Spirit   .   g - +0 plate armour
rPois   +          Reflect  .   v - +2 hat
rElec   .          Harm     .   (no cloak)
rCorr   .          Rampage  .   q - +2 pair of gloves
Will    .....                   (no boots)
Stlth   ..........              t - amulet of faith
HPRegen 0.22/turn               h - ring of poison resistance
MPRegen 0.11/turn               u - +6 ring of strength

@: no status effects
A: horns 2, retaliatory headbutt, clever 1, mutation resistance 1
a: Renounce Religion, Heroism


You were on level 8 of the Dungeon.
You worshipped Okawaru.
Okawaru was pleased with you.
You visited 2 branches of the dungeon, and saw 9 of its levels.

You collected 465 gold pieces.

Inventory:

Hand Weapons
 j - a +2 mace (weapon)
Missiles
 s - a throwing net (quivered)
Armour
 c - a +0 buckler (worn)
 g - a +0 plate armour (worn)
 q - a +2 pair of gloves (worn)
 v - a +2 hat (worn)
Jewellery
 h - a ring of poison resistance (left hand)
 t - an amulet of faith (around neck)
 u - a +6 ring of strength (right hand)
Wands
 b - a wand of mindburst (9)
 x - a wand of roots (23)
 y - a wand of light (6)
Scrolls
 i - a scroll of teleportation
 l - 3 scrolls of noise
 m - 5 scrolls of poison
 n - a scroll of identify
 p - a scroll of fog
Potions
 d - a potion of might
 e - a potion of cancellation
 k - 4 potions of berserk rage
 r - a potion of ambrosia


   Skills:
 + Level 6.2 Fighting
 * Level 10.5 Maces & Flails
 + Level 8.6 Armour
 + Level 2.1 Dodging
 + Level 0.6 Stealth
 + Level 5.7 Shields


You had 8 spell levels left.
You didn't know any spells.
Your spell library contained the following spells:

 Spells                   Type           Power      Damage    Failure   Level
 Freeze                   Ice            0%         1d3       98%         1
 Conjure Flame            Conj/Fire      0%         6-21      100%        3
 Ignite Poison            Fire/Tmut/Pois 0%         N/A       100%        3
 Ozocubu's Armour         Ice            0%         N/A       100%        3
 Sticky Flame             Conj/Fire      0%         2d3       100%        4
 Metabolic Englaciation   Hex/Ice        0%         N/A       100%        5
 Simulacrum               Ice/Necr       Unusable   N/A       N/A         6

Dungeon Overview and Level Annotations

Branches:
Dungeon (8/15)             Temple (1/1) D:5
   Lair: D:8-11

Altars:
Ashenzari
Cheibriados
Dithmenos
Elyvilon
Fedhas
Gozag
Hepliaklqana
Kikubaaqudgha
Makhleb
Nemelex Xobeh
Okawaru
Sif Muna
Trog
Uskayaw
Vehumet
Wu Jian
Xom
Yredelemnul

Shops:
D:5 *


Innate Abilities, Weirdness & Mutations

You have a pair of horns on your head.
You reflexively headbutt those who attack you in melee.
Your mind is acute. (Int +4, Str/Dex -1)
You are somewhat resistant to further mutation.


Message History

You closely miss the orc.
The orc shouts!
You hear a shout!
The orc priest hits you but does no damage.
The orc hits you but does no damage.
You hit the orc but do no damage.
A kobold comes into view. It is wielding a +0 dagger.
The orc closely misses you. You furiously retaliate!
You headbutt the orc!
You kill the orc!
Okawaru accepts your kill. The orc priest completely misses you.
You furiously retaliate!
You headbutt the orc priest!
The orc priest attacks as you move away!
The orc priest hits you but does no damage.
The orc throws a poisoned dart.
The poisoned dart hits you!
The orc priest looks satisfied for a moment.
Items here: ( ))))))) [[[[[[ ††.
The orc wizard mumbles some strange words.
The orc wizard flickers and vanishes!
Deactivating autopickup; reactivate with Ctrl-A.
You sock the two-headed ogre!
The two-headed ogre is lightly wounded.
You hit the two-headed ogre but do no damage.
You headbutt the two-headed ogre!
The two-headed ogre is moderately wounded.
The two-headed ogre closely misses you. You furiously retaliate!
You headbutt the two-headed ogre! You block the two-headed ogre's attack.
You sock the two-headed ogre!
The two-headed ogre is severely wounded.
The two-headed ogre hits you with a +0 giant spiked club!
The two-headed ogre hits you with a +0 giant club!
You hit the two-headed ogre but do no damage.
The two-headed ogre is severely wounded.
You barely miss the two-headed ogre. You headbutt the two-headed ogre!
The two-headed ogre is almost dead.
You hear some strange, mumbled words.
Something tries to affect you, but you resist.
The two-headed ogre hits you with a +0 giant spiked club!!
* * * LOW HITPOINT WARNING * * *
The two-headed ogre hits you with a +0 giant club!
You die...

#.#. #..# #####
###o#. #..# #....
#..... #..# #.##.
#....o##..### #.##.
#....oK)..o.# #.##.
#....o##..#.#
#########.##. #.....
#..#.####............
#.#.##
#..#O{....(.>.(.#....
.....
#..#@##.#.#.###.##...
.### #..K......#.#
#.###..
.....##.##.###.# #.#
#.. #######.##.....#
#.###..
#######.########
#.<.... ..........#
#.###.. ...####.#.#
#.# ### ..)#.# #.#
#####.# #.#


You could see a two-headed ogre, an orc and a kobold.

Vanquished Creatures
  Sigmund (D:3)
  A steam dragon (D:7)
  An orc warrior (D:8)
  2 sky beasts (D:6)
  2 black bears
  2 ogres
  A phantom (D:5)
  3 kobold brigands
  2 scorpions
  7 wights
  A howler monkey (D:5)
  A crimson imp (D:3)
  3 hounds
  2 jellies
  5 orc priests (D:8)
  An iguana (D:7)
  6 orc wizards
  Robin (D:2)
  7 adders
  A shadow imp (D:6)
  2 white imps
  2 worms (D:3)
  3 dart slugs
  17 orcs
  A ball python (D:1)
  5 endoplasms
  A giant cockroach (D:2)
  12 goblins
  7 hobgoblins
  6 jackals
  19 kobolds
  6 quokkas
  5 bats
  4 frilled lizards
  9 rats
149 creatures vanquished.

Notes
Turn   | Place    | Note
-------+----------+-------------------------------------------
     0 | D:1      | Demigod47 the Minotaur Fighter began the quest for the Orb.
     0 | D:1      | Reached XP level 1. HP: 19/19 MP: 0/0
   203 | D:1      | Found a faded altar of an unknown god.
   231 | D:1      | Reached XP level 2. HP: 27/27 MP: 1/1
  1079 | D:2      | Reached XP level 3. HP: 28/33 MP: 2/2
  1275 | D:2      | Noticed Robin
  1300 | D:2      | Reached skill level 3 in Maces & Flails
  1305 | D:2      | Killed Robin
  1734 | D:2      | Reached XP level 4. HP: 41/41 MP: 3/3
  2054 | D:3      | Found a shimmering altar of Xom.
  2054 | D:3      | Found a burning altar of Makhleb.
  2065 | D:3      | Reached skill level 4 in Maces & Flails
  2496 | D:3      | Reached XP level 5. HP: 47/47 MP: 4/4
  2748 | D:3      | Noticed Sigmund
  2755 | D:3      | Killed Sigmund
  2756 | D:3      | Reached skill level 5 in Maces & Flails
  2756 | D:3      | Reached skill level 5 in Armour
  2756 | D:3      | Reached XP level 6. HP: 52/53 MP: 5/5
  2986 | D:4      | Reached skill level 1 in Dodging
  2988 | D:4      | Reached skill level 6 in Maces & Flails
  3350 | D:4      | Found a snail-covered altar of Cheibriados.
  3762 | D:5      | Entered Level 5 of the Dungeon
  3819 | D:5      | Reached skill level 7 in Maces & Flails
  3819 | D:5      | Reached XP level 7. HP: 13/58 MP: 6/6
  4065 | D:5      | Found a staircase to the Ecumenical Temple.
  4087 | D:5      | Reached skill level 5 in Fighting
  4096 | D:5      | Reached skill level 8 in Maces & Flails
  4101 | Temple   | Entered the Ecumenical Temple
  4215 | Temple   | Became a worshipper of Warmaster Okawaru
  4517 | D:5      | Found Qougumoi's Neck Hole.
  4791 | D:5      | Found a hazy altar of Hepliaklqana.
  5033 | D:6      | Reached XP level 8. HP: 51/68 MP: 7/7
  5276 | D:6      | Reached * piety under Okawaru
  5277 | D:6      | Reached skill level 9 in Maces & Flails
  5277 | D:6      | Reached skill level 5 in Shields
  6008 | D:6      | Found a shimmering blue altar of Sif Muna.
  6359 | D:7      | Reached ** piety under Okawaru
  6360 | D:7      | Reached skill level 10 in Maces & Flails
  6847 | D:7      | Reached XP level 9. HP: 57/75 MP: 8/8
  7313 | D:7      | Found an ancient bone altar of Kikubaaqudgha.
  7342 | D:7      | Gained mutation: You are somewhat resistant to further
                  | mutation. [potion of mutation]
  7342 | D:7      | Gained mutation: Your mind is acute. (Int +4, Str/Dex -1)
                  | [potion of mutation]
  7404 | D:6      | Got Sif Muna's Papyrus of Graupel
  7416 | D:8      | Found a blossoming altar of Fedhas.
  7840 | D:8      | Noticed a two-headed ogre
  7864 | D:8      | Slain by a two-headed ogre

Illustrated notes

Levels and vault maps discovered:
D:1:      saegor_arrival_under_anarchy, layout_basic,
          ebering_ecumenical_altar_hall
D:2:      layout_basic, roderic_st_hans_cross, chequers_avenue, uniq_robin
D:3:      layout_loops_ring, grunt_temple_overflow_champion_of_chaos,
          uniq_sigmund
D:4:      layout_basic, cheibriados_altar_1
D:5:      layout_basic, mainiacjoe_overflow_boulevard,
          minmay_temple_entry_wispy, nicolae_shop_sticking_my_neck_out
D:6:      layout_loops_cross, led_sif_book
D:7:      layout_basic, lemuel_tele_altar
D:8:      layout_loops_ring, zin_academy, nicolae_overflow_crystal_walls,
          serial_shops, shop, hangedman_decor_points
Temple:   nicolae_temple_bog_church

Skill      XL: |  1  2  3  4  5  6  7  8  9 |
---------------+----------------------------+-----
Shields        | 4 5 |  5.7
Armour         | 4 5 6 8 |  8.6
Fighting       | 4 5 6 |  6.2
Maces & Flails | 3 4 5 7 8 10 | 10.5
Dodging        | 1 2 |  2.1
Stealth        | |  0.6

Action                   |  1- 3 |  4- 6 |  7- 9 || total
-------------------------+-------+-------+-------++-------
Melee: Flail             |    83 |    84 |       ||   167
       Headbutt          |     8 |    12 |    39 ||    59
       Mace              |       |       |   237 ||   237
  Use: Potion            |       |     5 |     4 ||     9
       Scroll            |       |     4 |     3 ||     7
Armor: Scale mail        |    55 |     1 |       ||    56
       Chain mail        |       |    43 |   125 ||   168
       Plate armour      |       |       |    13 ||    13
Dodge: Dodged            |    57 |    31 |    84 ||   172
Block: Buckler           |    21 |    18 |    46 ||    85
